% Time on Ice - KELOWNA ROCKETS
Lines # - Real PCT - Wanted PCT - Time Play
Normal Forward
1 - 35% - 38% - 17:20
2 - 32% - 37% - 15:51
3 - 24% - 25% - 11:53
4 - 10% - 0% - 5:01
Normal Defense
1 - 35% - 34% - 17:32
2 - 32% - 32% - 16:10
3 - 29% - 24% - 14:27
4 - 4% - 10% - 1:56
PP Forward
1 - 45% - 65% - 1:47
2 - 55% - 35% - 2:11
PP Defense
1 - 54% - 65% - 2:08
2 - 46% - 35% - 1:50
PK Forward
1 - 41% - 55% - 2:27
2 - 59% - 45% - 3:30
PK Defense
1 - 46% - 55% - 2:44
2 - 54% - 45% - 3:13
PK3 Forward
1 - 0% - 55%
2 - 0% - 45%
PK3 Defense
1 - 0% - 55%
2 - 0% - 45%
44 Forward
1 - 0% - 55%
2 - 0% - 45%
44 Defense
1 - 0% - 55%
2 - 0% - 45%
Last Minute Offensive  - 0:00
Last Minute Defensive  - 0:00
Total
Forward - 60:00
Defense - 60:00
% Time on Ice - VANCOUVER VOODOO
Lines # - Real PCT - Wanted PCT - Time Play
Normal Forward
1 - 29% - 31% - 14:21
2 - 30% - 31% - 15:12
3 - 26% - 27% - 13:12
4 - 15% - 11% - 7:20
Normal Defense
1 - 36% - 36% - 17:49
2 - 35% - 33% - 17:21
3 - 27% - 31% - 13:19
4 - 3% - 0% - 1:36
PP Forward
1 - 38% - 50% - 2:14
2 - 62% - 50% - 3:43
PP Defense
1 - 50% - 50% - 2:58
2 - 50% - 50% - 2:59
PK Forward
1 - 60% - 60% - 2:23
2 - 40% - 40% - 1:35
PK Defense
1 - 43% - 58% - 1:42
2 - 57% - 42% - 2:16
PK3 Forward
1 - 0% - 50%
2 - 0% - 50%
PK3 Defense
1 - 0% - 50%
2 - 0% - 50%
44 Forward
1 - 0% - 55%
2 - 0% - 45%
44 Defense
1 - 0% - 50%
2 - 0% - 50%
Last Minute Offensive  - 0:00
Last Minute Defensive  - 0:00
Total
Forward - 60:00
Defense - 60:00
Play-by-Play 1st period 0:01 of 1st period - Victor Rask wins face-off versus Jordan Eberle in neutral zone. 0:03 of 1st period - Gustav Nyquist is hit by Dmitri Orlov and loses puck. 0:30 of 1st period - Shot by Max Jones. 0:30 of 1st period - Stopped by Marcus Hogberg with a rebound. 0:32 of 1st period - Shot by Gustav Nyquist. 0:32 of 1st period - Deflect By Victor Rask. 0:32 of 1st period - Goal by Victor Rask - KELOWNA ROCKETS : 0 - VANCOUVER VOODOO : 1. 0:33 of 1st period - Anthony Cirelli wins face-off versus Eric Staal in neutral zone. 0:33 of 1st period - Kristopher Letang is hit by Brendan Lemieux and loses puck. 1:19 of 1st period - Adam Fox is hit by Brendan Lemieux and loses puck. 1:31 of 1st period - Kristopher Letang is hit by Curtis Lazar and loses puck. 1:49 of 1st period - Off-side. 1:50 of 1st period - Evgeny Kuznetsov wins face-off versus Cedric Paquette in neutral zone. 2:03 of 1st period - Shot by Evgeny Kuznetsov. 2:03 of 1st period - Stopped by Carey Price without a rebound. 2:04 of 1st period - Auston Matthews wins face-off versus Victor Rask in VANCOUVER VOODOO zone. 2:04 of 1st period - Auston Matthews is hit by Cameron Gaunce. 2:06 of 1st period - Shot by Alexander Ovechkin. 2:06 of 1st period - Stopped by Carey Price without a rebound. 2:07 of 1st period - Auston Matthews wins face-off versus Travis Zajac in VANCOUVER VOODOO zone. 2:08 of 1st period - Shot by Jordan Eberle. 2:08 of 1st period - Shot Blocked by Travis Zajac. 2:10 of 1st period - Shot by Jordan Eberle. 2:10 of 1st period - Shot Misses the Net. 2:18 of 1st period - Shot by Auston Matthews. 2:18 of 1st period - Stopped by Carey Price with a rebound. 2:20 of 1st period - Shot by Jonas Siegenthaler. 2:20 of 1st period - Shot Blocked by Travis Zajac. 2:33 of 1st period - Auston Matthews is hit by John Moore. 3:00 of 1st period - Victor Rask is hit by Jonas Siegenthaler and loses puck. 3:50 of 1st period - Shot by Andrew Shaw. 3:50 of 1st period - Shot Misses the Net. 5:39 of 1st period - Shot by Travis Zajac. 5:39 of 1st period - Stopped by Marcus Hogberg without a rebound. 5:40 of 1st period - Victor Rask wins face-off versus Joakim Nordstrom in KELOWNA ROCKETS zone. 6:17 of 1st period - Shot by Kristopher Letang. 6:17 of 1st period - Stopped by Carey Price with a rebound. 6:49 of 1st period - Shot by Tyler Bertuzzi. 6:49 of 1st period - Deflect By Pavel Buchnevich. 6:49 of 1st period - Shot Misses the Net. 6:51 of 1st period - Shot by Mark Giordano. 6:51 of 1st period - Stopped by Carey Price without a rebound. 6:52 of 1st period - Evgeny Kuznetsov wins face-off versus Brendan Lemieux in VANCOUVER VOODOO zone. 6:55 of 1st period - Shot by Evgeny Kuznetsov. 6:55 of 1st period - Stopped by Carey Price without a rebound. 6:56 of 1st period - Eric Staal wins face-off versus Evgeny Kuznetsov in VANCOUVER VOODOO zone. 7:04 of 1st period - Minor Penalty to Brendan Lemieux for Hooking. 7:05 of 1st period - Evgeny Kuznetsov wins face-off versus Travis Zajac in VANCOUVER VOODOO zone. 7:08 of 1st period - Shot by Pavel Buchnevich. 7:08 of 1st period - Deflect By Tyler Bertuzzi. 7:08 of 1st period - Stopped by Carey Price without a rebound. 7:09 of 1st period - Evgeny Kuznetsov wins face-off versus Travis Zajac in VANCOUVER VOODOO zone. 8:11 of 1st period - Shot by Kristopher Letang. 8:11 of 1st period - Stopped by Carey Price without a rebound. 8:12 of 1st period - Travis Zajac wins face-off versus Anthony Cirelli in VANCOUVER VOODOO zone. 8:23 of 1st period - Shot by Kristopher Letang. 8:23 of 1st period - Shot Misses the Net. 8:25 of 1st period - Shot by Kristopher Letang. 8:25 of 1st period - Stopped by Carey Price without a rebound. 8:26 of 1st period - Cedric Paquette wins face-off versus Anthony Cirelli in VANCOUVER VOODOO zone. 8:57 of 1st period - Danny DeKeyser is hit by Anthony Cirelli and loses puck. 9:36 of 1st period - Shot by Max Jones. 9:36 of 1st period - Shot Misses the Net. 9:38 of 1st period - Shot by Max Jones. 9:38 of 1st period - Deflect By Gustav Nyquist. 9:38 of 1st period - Stopped by Marcus Hogberg without a rebound. 9:39 of 1st period - Eric Staal wins face-off versus Joakim Nordstrom in KELOWNA ROCKETS zone. 9:43 of 1st period - Minor Penalty to Scott Wilson for Tripping. 9:44 of 1st period - Auston Matthews wins face-off versus Eric Staal in KELOWNA ROCKETS zone. 10:08 of 1st period - Off-side. 10:09 of 1st period - Auston Matthews wins face-off versus Victor Rask in neutral zone. 10:18 of 1st period - Jordan Eberle is hit by Andrew Shaw and loses puck. 11:32 of 1st period - Shot by Eric Staal. 11:32 of 1st period - Shot Misses the Net. 11:56 of 1st period - Shot by Mark Jankowski. 11:56 of 1st period - Stopped by Marcus Hogberg without a rebound. 11:57 of 1st period - Evgeny Kuznetsov wins face-off versus Cedric Paquette in KELOWNA ROCKETS zone. 12:19 of 1st period - Off-side. 12:20 of 1st period - Auston Matthews wins face-off versus Eric Staal in neutral zone. 12:25 of 1st period - Shot by Auston Matthews. 12:25 of 1st period - Stopped by Carey Price without a rebound. 12:26 of 1st period - Alexander Ovechkin wins face-off versus Travis Zajac in VANCOUVER VOODOO zone. 12:26 of 1st period - Auston Matthews is hit by P.K. Subban. 12:40 of 1st period - Shot by Noel Acciari. 12:40 of 1st period - Shot Blocked by Mark Giordano. 12:42 of 1st period - Shot by Curtis Lazar. 12:42 of 1st period - Shot Blocked by Mark Giordano. 12:52 of 1st period - Shot by Curtis Lazar. 12:52 of 1st period - Stopped by Marcus Hogberg without a rebound. 12:53 of 1st period - Eric Staal wins face-off versus Anthony Cirelli in KELOWNA ROCKETS zone. 12:56 of 1st period - Shot by Andrew Shaw. 12:56 of 1st period - Stopped by Marcus Hogberg with a rebound. 13:02 of 1st period - Shot by Brendan Lemieux. 13:02 of 1st period - Stopped by Marcus Hogberg with a rebound. 13:04 of 1st period - Shot by Andrew Shaw. 13:04 of 1st period - Stopped by Marcus Hogberg without a rebound. 13:05 of 1st period - Victor Rask wins face-off versus Ilya Kovalchuk in KELOWNA ROCKETS zone. 13:23 of 1st period - Shot by Ilya Kovalchuk. 13:23 of 1st period - Stopped by Carey Price without a rebound. 13:24 of 1st period - Eric Staal wins face-off versus Anthony Cirelli in VANCOUVER VOODOO zone. 13:24 of 1st period - Minor Penalty to Pavel Buchnevich for Slashing. 13:25 of 1st period - Auston Matthews wins face-off versus Eric Staal in KELOWNA ROCKETS zone. 14:40 of 1st period - Shot by Travis Zajac. 14:40 of 1st period - Shot Misses the Net. 15:02 of 1st period - Shot by Victor Rask. 15:02 of 1st period - Stopped by Marcus Hogberg without a rebound. 15:03 of 1st period - Eric Staal wins face-off versus Auston Matthews in KELOWNA ROCKETS zone. 16:13 of 1st period - Noel Acciari is hit by Mark Giordano. 16:24 of 1st period - Shot by Noel Acciari. 16:24 of 1st period - Shot Blocked by Dmitri Orlov. 16:26 of 1st period - Shot by Noel Acciari. 16:26 of 1st period - Shot Blocked by Mark Giordano. 16:39 of 1st period - Travis Zajac is hit by Mark Giordano and loses puck. 17:15 of 1st period - Shot by Andrew Shaw. 17:15 of 1st period - Stopped by Marcus Hogberg without a rebound. 17:16 of 1st period - Anthony Cirelli wins face-off versus Victor Rask in KELOWNA ROCKETS zone. 17:18 of 1st period - Icing by Pavel Buchnevich. 17:19 of 1st period - Victor Rask wins face-off versus Anthony Cirelli in KELOWNA ROCKETS zone. 17:32 of 1st period - Shot by Pavel Buchnevich. 17:32 of 1st period - Goal by Pavel Buchnevich - KELOWNA ROCKETS : 1 - VANCOUVER VOODOO : 1. 17:33 of 1st period - Eric Staal wins face-off versus Auston Matthews in neutral zone. 17:56 of 1st period - Shot by P.K. Subban. 17:56 of 1st period - Shot Misses the Net. 18:06 of 1st period - Shot by Brendan Lemieux. 18:06 of 1st period - Shot Misses the Net. 18:36 of 1st period - Shot by Travis Zajac. 18:36 of 1st period - Goal by Travis Zajac - KELOWNA ROCKETS : 1 - VANCOUVER VOODOO : 2. 18:37 of 1st period - Victor Rask wins face-off versus Tyler Bertuzzi in neutral zone. 18:56 of 1st period - Shot by Pavel Buchnevich. 18:56 of 1st period - Deflect By Tyler Bertuzzi. 18:56 of 1st period - Shot Blocked by Victor Rask. 18:58 of 1st period - Shot by Anthony Cirelli. 18:58 of 1st period - Stopped by Carey Price without a rebound. 18:59 of 1st period - Travis Zajac wins face-off versus Evgeny Kuznetsov in VANCOUVER VOODOO zone. 19:39 of 1st period - Off-side. 19:40 of 1st period - Eric Staal wins face-off versus Anthony Cirelli in neutral zone. 19:58 of 1st period - Pavel Buchnevich is hit by Cameron Gaunce. Goals for this period are 1 for KELOWNA ROCKETS vs 2 for VANCOUVER VOODOO. Shots for this period are 13 for KELOWNA ROCKETS vs 12 for VANCOUVER VOODOO. 2nd period 0:01 of 2nd period - Anthony Cirelli wins face-off versus Eric Staal in neutral zone. 0:09 of 2nd period - Off-side. 0:10 of 2nd period - Victor Rask wins face-off versus Anthony Cirelli in neutral zone. 0:28 of 2nd period - Pavel Buchnevich is hit by Cameron Gaunce and loses puck. 0:33 of 2nd period - Shot by Anthony Cirelli. 0:33 of 2nd period - Shot Blocked by John Moore. 0:35 of 2nd period - Shot by Anthony Cirelli. 0:35 of 2nd period - Shot Misses the Net. 0:37 of 2nd period - Shot by Pavel Buchnevich. 0:37 of 2nd period - Deflect By Tyler Bertuzzi. 0:37 of 2nd period - Stopped by Carey Price without a rebound. 0:38 of 2nd period - Auston Matthews wins face-off versus Eric Staal in VANCOUVER VOODOO zone. 0:55 of 2nd period - Shot by Auston Matthews. 0:55 of 2nd period - Stopped by Carey Price without a rebound. 0:56 of 2nd period - Travis Zajac wins face-off versus Tyler Bertuzzi in VANCOUVER VOODOO zone. 1:17 of 2nd period - Icing by Danny DeKeyser. 1:18 of 2nd period - Auston Matthews wins face-off versus Travis Zajac in VANCOUVER VOODOO zone. 1:22 of 2nd period - Icing by Danny DeKeyser. 1:23 of 2nd period - Travis Zajac wins face-off versus Anthony Cirelli in VANCOUVER VOODOO zone. 1:46 of 2nd period - Shot by Travis Zajac. 1:46 of 2nd period - Shot Misses the Net. 1:48 of 2nd period - Shot by Noel Acciari. 1:48 of 2nd period - Stopped by Marcus Hogberg with a rebound. 1:50 of 2nd period - Shot by Noel Acciari. 1:50 of 2nd period - Stopped by Marcus Hogberg without a rebound. 1:51 of 2nd period - Alexander Ovechkin wins face-off versus Eric Staal in KELOWNA ROCKETS zone. 1:55 of 2nd period - Icing by Auston Matthews. 1:56 of 2nd period - Eric Staal wins face-off versus Alexander Ovechkin in KELOWNA ROCKETS zone. 2:33 of 2nd period - Shot by Jordan Eberle. 2:33 of 2nd period - Deflect By Auston Matthews. 2:33 of 2nd period - Shot Misses the Net. 3:15 of 2nd period - Gustav Nyquist is hit by Mark Giordano and loses puck. 3:43 of 2nd period - Shot by Tyler Bertuzzi. 3:43 of 2nd period - Shot Misses the Net. 3:46 of 2nd period - Icing by Danny DeKeyser. 3:47 of 2nd period - Travis Zajac wins face-off versus Evgeny Kuznetsov in VANCOUVER VOODOO zone. 3:59 of 2nd period - Icing by Jonas Siegenthaler. 4:00 of 2nd period - Evgeny Kuznetsov wins face-off versus Cedric Paquette in KELOWNA ROCKETS zone. 4:25 of 2nd period - Shot by Vladimir Tarasenko. 4:25 of 2nd period - Shot Misses the Net. 5:10 of 2nd period - Shot by Eric Staal. 5:10 of 2nd period - Stopped by Marcus Hogberg without a rebound. 5:11 of 2nd period - Auston Matthews wins face-off versus Victor Rask in KELOWNA ROCKETS zone. 5:20 of 2nd period - Shot by Victor Rask. 5:20 of 2nd period - Deflect By Gustav Nyquist. 5:20 of 2nd period - Shot Misses the Net. 5:42 of 2nd period - Shot by Alexander Ovechkin. 5:42 of 2nd period - Shot Blocked by John Moore. 6:20 of 2nd period - Gustav Nyquist is hit by Kristopher Letang and loses puck. 6:37 of 2nd period - Shot by Kristopher Letang. 6:37 of 2nd period - Stopped by Carey Price without a rebound. 6:38 of 2nd period - Eric Staal wins face-off versus Evgeny Kuznetsov in VANCOUVER VOODOO zone. 6:49 of 2nd period - Shot by Andrew Shaw. 6:49 of 2nd period - Shot Blocked by Niklas Hjalmarsson. 7:09 of 2nd period - Shot by Vladimir Tarasenko. 7:09 of 2nd period - Shot Misses the Net. 7:11 of 2nd period - Shot by Vladimir Tarasenko. 7:11 of 2nd period - Shot Misses the Net. 7:13 of 2nd period - Shot by Jonas Siegenthaler. 7:13 of 2nd period - Stopped by Carey Price without a rebound. 7:14 of 2nd period - Anthony Cirelli wins face-off versus Travis Zajac in VANCOUVER VOODOO zone. 7:26 of 2nd period - Shot by Anthony Cirelli. 7:26 of 2nd period - Stopped by Carey Price without a rebound. 7:27 of 2nd period - Auston Matthews wins face-off versus Cedric Paquette in VANCOUVER VOODOO zone. 7:37 of 2nd period - Auston Matthews is hit by Jarred Tinordi and loses puck. 8:21 of 2nd period - Minor Penalty to Alexander Ovechkin for Roughing. 8:22 of 2nd period - Anthony Cirelli wins face-off versus Eric Staal in KELOWNA ROCKETS zone. 8:22 of 2nd period - Anthony Cirelli is hit by Noel Acciari. 9:30 of 2nd period - Shot by Danny DeKeyser. 9:30 of 2nd period - Deflect By Travis Zajac. 9:30 of 2nd period - Stopped by Marcus Hogberg without a rebound. 9:31 of 2nd period - Auston Matthews wins face-off versus Eric Staal in KELOWNA ROC